[Event "Tuesday 16 January Rapid Engine Tour 12+1 Rounds 9 Starts 1600 ST"]
[Site "Infinity Chess"]
[Date "2018.1.16"]
[Round "6"]
[White "THE_MACHINE"]
[Black "Thor"]
[Result "1-0"]
[ECO "C11"]
[WhiteElo "2481"]
[BlackElo "2470"]
[WhiteEngine "Houdini 6"]
[BlackEngine "asmFishW_2017-11-19_bmi2"]
[EventType "Swiss"]
[WhiteTeam ""]
[BlackTeam ""]
[PlyCount "109"]
[TimeControl "720+1"]

1. e4 e6 2. d4 d5 3. Nc3 Nf6 4. e5 Nfd7 5. f4 c5 6. Nf3 Nc6 7. Be3 Be7 8. Qd2 b6 
9. Bb5 Qc7 10. O-O-O cxd4 11. Nxd4 Nxd4 12. Bxd4 a6 13. Bd3 Nc5 14. Kb1 b5 
15. g4 b4 16. Ne2 Nxd3 17. cxd3 b3 18. Rc1 bxa2+ 19. Ka1 Qd8 20. Ng3 g6 
21. h4 Bd7 22. f5 Rb8 23. Qh6 Bf8 24. Qf4 Bb4 25. Rhf1 Rf8 26. Qe3 Qa5 
27. Rf2 Qb5 28. Rfc2 Ba3 29. Ne2 Qb7 30. Qd2 Rg8 31. f6 h5 32. Rc7 Qb3 
33. g5 Rh8 34. R1c2 Bb4 35. Qc1 Ba5 36. Ba7 Rd8 37. Nd4 Qxd3 38. b3 Qe4 
39. Kxa2 Qe1 40. Rxd7 Kxd7 41. Rc7+ Bxc7 42. Qxe1 Ra8 43. Qb4 Kc8 44. Nc6 Re8 
45. Bc5 Kd7 46. Qa4 Kc8 47. Ne7+ Rxe7 48. fxe7 Kb7 49. Qd7 Rc8 50. Bd6 a5 
51. e8=Q Rxe8 52. Qxc7+ Ka6 53. Bc5 Rb8 54. Qxb8 a4 55. Qb6# 1-0

[Event "Tuesday 16 January Rapid Engine Tour 12+1 Rounds 9 Starts 1600 ST"]
[Site "Infinity Chess"]
[Date "2018.1.16"]
[Round "6"]
[White "KULLANI"]
[Black "IronMan"]
[Result "1-0"]
[ECO "A46"]
[WhiteElo "2448"]
[BlackElo "2399"]
[WhiteEngine "BrainFish_180106_x64_CTG"]
[BlackEngine "Eman 1.58 64-bit BMI2"]
[EventType "Swiss"]
[WhiteTeam ""]
[BlackTeam ""]
[PlyCount "203"]
[TimeControl "720+1"]

1. d4 Nf6 2. Nf3 d5 3. e3 e6 4. b3 Nbd7 5. c4 b6 6. Bd3 Bd6 7. Bb2 O-O 
8. O-O Bb7 9. Nbd2 c5 10. cxd5 exd5 11. Ne5 Rc8 12. Rc1 Qe7 13. Nxd7 Nxd7 
14. Qh5 g6 15. Qe2 Rc7 16. Rfe1 Rfc8 17. Nf3 Nf6 18. Rc2 Qe6 19. Nd2 Bf8 
20. Rec1 Bh6 21. h3 Bg7 22. a4 Rc6 23. Qd1 R6c7 24. Qe2 Rc6 25. Qd1 R6c7 
26. Be2 Ne8 27. Bg4 f5 28. Be2 Qe7 29. Ba3 Nf6 30. a5 Bh6 31. g3 Bf8 32. Bb2 Bg7 
33. h4 h6 34. Bf1 Kh7 35. a6 Ba8 36. dxc5 bxc5 37. Bg2 Nh5 38. Bxg7 Kxg7 
39. Nf3 Nf6 40. b4 c4 41. b5 Rb8 42. Nd4 Rb6 43. Bf3 Qe5 44. Bg2 Kh7 45. Rb1 Rc5 
46. Rd2 Kg8 47. Rdb2 Rc8 48. Ne2 Bc6 49. bxc6 Rxb2 50. Rxb2 Qxb2 51. Bxd5+ Kh7 
52. Bf3 Qe5 53. Nd4 Ne8 54. Nb5 Kh8 55. Qd7 Rb8 56. Nd4 c3 57. Qf7 f4 
58. gxf4 Qf6 59. Qd7 Qd8 60. Qe6 Qf6 61. Qe4 Nc7 62. Kg2 g5 63. hxg5 hxg5 
64. f5 Re8 65. Qd3 g4 66. Bd1 Qe5 67. Qxc3 g3 68. Bh5 Nd5 69. Qa1 Re7 
70. Bf3 gxf2 71. Bxd5 Rh7 72. Kxf2 Qxd5 73. Ke2 Qe4 74. Kd2 Qe5 75. Kd3 Qd6 
76. Qc3 Rc7 77. Ke4 Kh7 78. Qc4 Rg7 79. Ne6 Rg4+ 80. Nf4 Rg8 81. Qf7+ Rg7 
82. Qh5+ Kg8 83. Qe8+ Kh7 84. Ng6 Kh6 85. Qh8+ Rh7 86. Qf8+ Qxf8 87. Nxf8 Rc7 
88. Kd5 Rf7 89. Ne6 Rxf5+ 90. Kd6 Rf1 91. c7 Rd1+ 92. Kc6 Kh5 93. c8=Q Kg4 
94. Qf8 Ra1 95. Qg7+ Kf5 96. Qxa1 Kxe6 97. Qf1 Ke5 98. Qf3 Ke6 99. Qf4 Ke7 
100. Qf5 Ke8 101. Kd6 Kd8 102. Qf8# 1-0

[Event "Tuesday 16 January Rapid Engine Tour 12+1 Rounds 9 Starts 1600 ST"]
[Site "Infinity Chess"]
[Date "2018.1.16"]
[Round "6"]
[White "Neoxium"]
[Black "Ninja_Bp"]
[Result "1/2-1/2"]
[ECO "A00"]
[WhiteElo "2466"]
[BlackElo "2460"]
[WhiteEngine "SF SL FA-IDeA"]
[BlackEngine "Houdini 6"]
[EventType "Swiss"]
[WhiteTeam ""]
[BlackTeam ""]
[PlyCount "122"]
[TimeControl "720+1"]

1. g3 e5 2. c4 Nf6 3. Bg2 d5 4. cxd5 Nxd5 5. Nc3 Nb6 6. e3 Nc6 7. Nge2 h5 
8. d4 h4 9. d5 Nb8 10. b3 Na6 11. h3 f5 12. e4 hxg3 13. fxg3 f4 14. gxf4 Qh4+ 
15. Kf1 Bd6 16. Qe1 Qf6 17. f5 g6 18. h4 gxf5 19. Bg5 Qg7 20. Ng3 f4 
21. Nf5 Bxf5 22. exf5 Nc5 23. Qe2 a5 24. Nb5 Qh7 25. Rc1 Nbd7 26. Rg1 O-O 
27. Bh3 Kh8 28. Kg2 b6 29. Nxd6 cxd6 30. Kh2 Nf6 31. Qf3 Rac8 32. Rg2 Nce4 
33. Rc6 Rc7 34. a3 Rg7 35. Rxb6 Rfg8 36. Rxd6 Rxg5 37. hxg5 Nxd6 38. gxf6 Qh6 
39. Qe2 Rxg2+ 40. Kxg2 Qxf6 41. Qh5+ Kg7 42. Kf3 Qh6 43. Qxh6+ Kxh6 44. Bf1 Kg5 
45. Bd3 Nxf5 46. Ke4 Kf6 47. b4 a4 48. Kf3 Nd4+ 49. Kg4 Ke7 50. b5 Kd6 
51. b6 Kxd5 52. b7 Nc6 53. Bc2 Nb8 54. Bxa4 Kc5 55. Bc2 Kb5 56. Kf5 f3 
57. Kxe5 Kb6 58. Kd4 Kxb7 59. Be4+ Kb6 60. Bxf3 Nc6+ 61. Kc3 Na7 1/2-1/2

[Event "Tuesday 16 January Rapid Engine Tour 12+1 Rounds 9 Starts 1600 ST"]
[Site "Infinity Chess"]
[Date "2018.1.16"]
[Round "6"]
[White "SkyPilot"]
[Black "angriff"]
[Result "1/2-1/2"]
[ECO "B00"]
[WhiteElo "2478"]
[BlackElo "2489"]
[WhiteEngine "stockfish_x64_bmi2_2018_01_13_CTG"]
[BlackEngine "Raubfisch ME262_GTZ16b1_CTG"]
[EventType "Swiss"]
[WhiteTeam ""]
[BlackTeam ""]
[PlyCount "90"]
[TimeControl "720+1"]

1. e4 Nc6 2. d4 d5 3. Nc3 dxe4 4. d5 Nb8 5. Nxe4 c6 6. Bc4 cxd5 7. Qxd5 Qxd5 
8. Bxd5 e6 9. Bc4 Bd7 10. Bf4 Bc6 11. f3 Bxe4 12. fxe4 Nf6 13. e5 Nfd7 
14. Nf3 Nc6 15. O-O-O a6 16. c3 h6 17. h4 O-O-O 18. h5 Bc5 19. Bd3 Nb6 
20. Be4 Nd5 21. Bg3 Rhe8 22. Rhe1 Rd7 23. Rd3 Red8 24. a4 Ba7 25. b4 Bb8 
26. Bh2 f5 27. exf6 Bxh2 28. Nxh2 Nxf6 29. Rxd7 Kxd7 30. Bf3 Rc8 31. Kd2 a5 
32. Ng4 axb4 33. Bxc6+ Kxc6 34. Nxf6 bxc3+ 35. Kc2 gxf6 36. Rxe6+ Kd5 
37. Rxf6 Rc4 38. Rxh6 Rxa4 39. Kxc3 Rc4+ 40. Kb2 Rb4+ 41. Ka1 Rg4 42. g3 Rxg3 
43. Rb6 Rg1+ 44. Ka2 Kc4 45. Ka3 Kc3 1/2-1/2

[Event "Tuesday 16 January Rapid Engine Tour 12+1 Rounds 9 Starts 1600 ST"]
[Site "Infinity Chess"]
[Date "2018.1.16"]
[Round "5"]
[White "CrapCleaner"]
[Black "zzsam_Mat_Pahang"]
[Result "1/2-1/2"]
[ECO "C55"]
[WhiteElo "2396"]
[BlackElo "2356"]
[WhiteEngine "SugaR XPrO x64 BMI2_CTG"]
[BlackEngine "Houdini 6"]
[EventType "Swiss"]
[WhiteTeam ""]
[BlackTeam ""]
[PlyCount "133"]
[TimeControl "720+1"]

1. e4 e5 2. Nf3 Nc6 3. Bc4 Nf6 4. d3 Bc5 5. O-O O-O 6. c3 d6 7. Bg5 h6 8. Bh4 a6 
9. a4 g5 10. Bg3 Ba7 11. Nbd2 Kg7 12. Ba2 Nh7 13. Nc4 h5 14. h4 g4 15. Nfd2 Ne7 
16. Ne3 Ng6 17. d4 Nxh4 18. dxe5 dxe5 19. Bxe5+ f6 20. Bg3 Bxe3 21. fxe3 Ng6 
22. Nb3 Qe7 23. Bf4 Qxe4 24. Qd2 Re8 25. Nd4 c5 26. Bb1 Qe7 27. Qd3 Nhf8 
28. Bd6 Qxe3+ 29. Qxe3 Rxe3 30. Bxc5 Re8 31. Bc2 Bd7 32. Rad1 Rad8 33. a5 Rc8 
34. b4 Rc7 35. Bb3 Re5 36. Rd2 h4 37. Rdf2 Nh7 38. Bd6 Rxc3 39. Bxe5 Nxe5 
40. Rc2 Rd3 41. Ne6+ Kh6 42. Nc5 Rg3 43. Bd5 Bc6 44. Bxc6 Nxc6 45. Rb2 h3 
46. Kh2 Ra3 47. gxh3 Rxh3+ 48. Kg2 Kg6 49. b5 axb5 50. Ne6 Kf7 51. Nf4 Ra3 
52. Rxb5 Nxa5 53. Rd1 Nf8 54. Rd4 Ne6 55. Nxe6 Kxe6 56. Re4+ Kf7 57. Rxg4 Nc6 
58. Rb1 Ne5 59. Rd4 Ra2+ 60. Kf1 Kg6 61. Rxb7 f5 62. Rb6+ Kg5 63. Rb1 Nf3 
64. Rdb4 f4 65. R1b2 Rxb2 66. Rxb2 Kf5 67. Ra2 1/2-1/2

[Event "Tuesday 16 January Rapid Engine Tour 12+1 Rounds 9 Starts 1600 ST"]
[Site "Infinity Chess"]
[Date "2018.1.16"]
[Round "5"]
[White "Satria_Ungu"]
[Black "tris77"]
[Result "1/2-1/2"]
[ECO "A05"]
[WhiteElo "2410"]
[BlackElo "2315"]
[WhiteEngine "Houdini 6"]
[BlackEngine "Raubfisch X37a2_CTG"]
[EventType "Swiss"]
[WhiteTeam ""]
[BlackTeam ""]
[PlyCount "122"]
[TimeControl "720+1"]

1. Nf3 Nf6 2. d4 d5 3. e3 e6 4. c4 c6 5. b3 Nbd7 6. Bd3 Bd6 7. Bb2 O-O 8. O-O b6 
9. Nbd2 Bb7 10. Re1 h6 11. e4 dxe4 12. Nxe4 Bb4 13. Re3 Nxe4 14. Bxe4 Nf6 
15. a3 Nxe4 16. axb4 Nd6 17. Ne5 Nf5 18. Rd3 Qe7 19. Qh5 Rfd8 20. Qe2 a5 
21. bxa5 Rxa5 22. Rxa5 bxa5 23. h3 Qd6 24. Qh5 Qe7 25. c5 Rd5 26. Qd1 Ba6 
27. Rd2 Bb5 28. Bc3 Qg5 29. Nf3 Qd8 30. Qe1 a4 31. bxa4 Bxa4 32. Ra2 Bb5 
33. Qa1 Qe7 34. Ra8+ Rd8 35. g4 Nh4 36. Nxh4 Qxh4 37. Rxd8+ Qxd8 38. d5 Qxd5 
39. Bxg7 Qxc5 40. Bxh6 e5 41. Qe1 Qd6 42. Qd2 Qxd2 43. Bxd2 f5 44. f3 e4 
45. f4 Kg7 46. Kf2 Kg6 47. Ke3 Bf1 48. gxf5+ Kxf5 49. h4 c5 50. h5 Bc4 
51. Bc3 Bd5 52. h6 Bg8 53. Bd2 Bh7 54. Bc1 Kg4 55. Ba3 c4 56. Bb2 Kf5 
57. Ba1 Ke6 58. Be5 Kf5 59. Ba1 Ke6 60. Kd4 Kf5 61. Kxc4 Kxf4 1/2-1/2

[Event "Tuesday 16 January Rapid Engine Tour 12+1 Rounds 9 Starts 1600 ST"]
[Site "Infinity Chess"]
[Date "2018.1.16"]
[Round "5"]
[White "ivrdurant"]
[Black "Dovahkiin"]
[Result "1/2-1/2"]
[ECO "C50"]
[WhiteElo "2418"]
[BlackElo "2376"]
[WhiteEngine "Raubfisch X37b1._CTG"]
[BlackEngine "BrainFish_180113_x64_modern_CTG"]
[EventType "Swiss"]
[WhiteTeam ""]
[BlackTeam ""]
[PlyCount "89"]
[TimeControl "720+1"]

1. e4 e5 2. Nf3 Nc6 3. Bc4 Bc5 4. O-O Nf6 5. d3 d6 6. c3 O-O 7. Bg5 a6 8. a4 h6 
9. Bh4 g5 10. Bg3 Ba7 11. Nbd2 Nh7 12. h3 h5 13. Kh1 Kh8 14. b4 h4 15. Bh2 g4 
16. hxg4 Bxg4 17. b5 Na5 18. Ba2 Qf6 19. d4 Rae8 20. Qb1 Qh6 21. Qd3 f5 
22. exf5 Bxf5 23. Qe3 Qh5 24. Nxe5 Nf6 25. Nf7+ Rxf7 26. Bxf7 Qxf7 27. Qh6+ Kg8 
28. Rfe1 Rf8 29. Qxh4 Qh7 30. Qxh7+ Bxh7 31. Re3 Bb6 32. bxa6 bxa6 33. Rae1 Bc2 
34. Rg3+ Kf7 35. Rf3 Bxa4 36. Ne4 Kg6 37. Rg3+ Kh6 38. Nxf6 Rxf6 39. Re7 Bb3 
40. Rh3+ Kg6 41. Rg3+ Kf5 42. Rf3+ Kg6 43. Rg3+ Kf5 44. Rf3+ Kg6 45. Rg3+ 
1/2-1/2

[Event "Tuesday 16 January Rapid Engine Tour 12+1 Rounds 9 Starts 1600 ST"]
[Site "Infinity Chess"]
[Date "2018.1.16"]
[Round "5"]
[White "OlivierEvan"]
[Black "RonWeasley"]
[Result "1/2-1/2"]
[ECO "E10"]
[WhiteElo "2386"]
[BlackElo "2440"]
[WhiteEngine "Houdini 6"]
[BlackEngine "BrainFish 130117_CTG"]
[EventType "Swiss"]
[WhiteTeam ""]
[BlackTeam ""]
[PlyCount "230"]
[TimeControl "720+1"]

1. d4 Nf6 2. c4 e6 3. Nf3 d5 4. Nc3 c6 5. Bg5 h6 6. Bxf6 Qxf6 7. e3 Nd7 
8. Be2 g6 9. O-O Be7 10. Nd2 O-O 11. Rc1 Qg7 12. Qc2 Rd8 13. a3 g5 14. h3 Nf6 
15. Bd3 g4 16. hxg4 Nxg4 17. cxd5 exd5 18. Nf3 h5 19. Ne2 Qf6 20. Ng3 Bd6 
21. Rce1 h4 22. Nf5 Bc7 23. Kh1 Re8 24. N5xh4 Nh2 25. Nxh2 Qxh4 26. g3 Qh3 
27. f4 Kg7 28. Rf2 Rh8 29. Kg1 Ba5 30. b4 Bd8 31. Rg2 a5 32. b5 cxb5 33. Bxb5 a4 
34. g4 Ra5 35. Bd3 Ra8 36. Qe2 Bd7 37. g5 Rc8 38. Qd2 Be7 39. Nf1 Bg4 
40. Ng3 Bf3 41. Bf5 Qxg2+ 42. Qxg2 Bxg2 43. Bxc8 Rxc8 44. Kxg2 Bxa3 45. Ra1 Rc3 
46. Kf3 b5 47. Nh5+ Kf8 48. Nf6 b4 49. Nxd5 Rc6 50. Nxb4 Bxb4 51. Rxa4 Bd2 
52. e4 Ke7 53. Ra7+ Ke8 54. Ra2 Bc1 55. d5 Rc4 56. Ra1 Bb2 57. Rb1 Ba3 
58. Rb8+ Ke7 59. Ra8 Bc1 60. Ra1 Bd2 61. Ra7+ Kf8 62. Ra2 Bc1 63. Ra1 Bd2 
64. Ra8+ Kg7 65. Ra2 Bc1 66. Ra7 Rd4 67. Rc7 Bd2 68. Rc2 Ba5 69. Ke3 Rd1 
70. Ra2 Bc3 71. Ke2 Rd4 72. Kf3 Kg6 73. Rc2 Ba5 74. Rh2 Bb4 75. Rh6+ Kg7 
76. Rf6 Ba5 77. Ra6 Bc3 78. Ra8 Bd2 79. Rb8 Kg6 80. Rb1 Kg7 81. Rb2 Bc3 
82. Rh2 Ba5 83. Ra2 Bc3 84. Ra6 Bd2 85. Rc6 Ba5 86. Rc1 Bd2 87. Rd1 Kg6 
88. Rh1 Kg7 89. Rb1 Kg6 90. Rd1 f6 91. gxf6 Kxf6 92. Ra1 Kf7 93. Ra7+ Kg6 
94. Ra6+ Kh5 95. Ra2 Bb4 96. f5 Rd3+ 97. Ke2 Rd4 98. Ke3 Rd1 99. Rh2+ Kg4 
100. Rg2+ Kh5 101. Rg6 Bc3 102. Re6 Bb4 103. Rc6 Kg5 104. Rg6+ Kh5 105. e5 Rxd5 
106. Ke4 Rd2 107. e6 Be7 108. Rg1 Re2+ 109. Kd5 Bf6 110. Kc6 Rf2 111. Rh1+ Kg4 
112. Rh7 Kxf5 113. e7 Re2 114. Kd7 Kg6 115. e8=Q+ Rxe8 1/2-1/2

[Event "Tuesday 16 January Rapid Engine Tour 12+1 Rounds 9 Starts 1600 ST"]
[Site "Infinity Chess"]
[Date "2018.1.16"]
[Round "5"]
[White "miguello"]
[Black "Eman"]
[Result "0-1 "]
[ECO "D31"]
[WhiteElo "2407"]
[BlackElo "2450"]
[WhiteEngine "asmFishW_2018-01-12_popcnt_CTG"]
[BlackEngine "Eman 1.62 64-bit POPCNT"]
[EventType "Swiss"]
[WhiteTeam ""]
[BlackTeam ""]
[PlyCount "289"]
[TimeControl "720+1"]

1. d4 d5 2. c4 e6 3. Nc3 c6 4. Nf3 Nf6 5. e3 Nbd7 6. Qc2 Bd6 7. Bd3 O-O 
8. O-O dxc4 9. Bxc4 a6 10. Rd1 b5 11. Be2 Qc7 12. Ne4 Nxe4 13. Qxe4 Bb7 
14. Bd3 g6 15. Qh4 c5 16. Be2 Rfe8 17. Bd2 Be7 18. Ng5 Nf8 19. Rac1 c4 
20. Qh6 f6 21. Nh3 Rac8 22. a4 Bc6 23. Qf4 Qb7 24. f3 f5 25. Nf2 Rcd8 
26. Qg3 Bd6 27. Qh4 e5 28. dxe5 Bc5 29. axb5 axb5 30. Ra1 Ne6 31. Kf1 Rd7 
32. b4 cxb3 33. Nd3 Be7 34. Qe1 b4 35. Rab1 Ba4 36. Bxb4 Rxd3 37. Rxd3 Qxb4 
38. Qxb4 Bxb4 39. Rbxb3 Bxb3 40. Rxb3 Bf8 41. Bc4 Kh8 42. Rb7 Nc5 43. Rf7 Rd8 
44. h3 Nd7 45. e6 Nb6 46. Bb3 Ba3 47. Ra7 Bc5 48. Rc7 Bd6 49. Rb7 Nc8 50. g4 Rf8 
51. g5 Ne7 52. Ke2 Rb8 53. Rd7 Bc5 54. Bc4 h6 55. Rc7 Bb4 56. h4 Kg8 57. Ba6 Rb6 
58. Bc4 h5 59. Rd7 Rb8 60. Bd3 Kf8 61. f4 Ba5 62. Rd6 Rc8 63. Ra6 Bb4 
64. Rb6 Bc5 65. Rb3 Rc6 66. Bb5 Rxe6 67. Rd3 Rb6 68. Bc4 Rb2+ 69. Rd2 Rb4 
70. Ba2 Kg7 71. Rd8 Bb6 72. Rd7 Kf8 73. Rd3 Bc5 74. Bb3 Bb6 75. Kf3 Ba5 
76. Kf2 Rb6 77. Bc4 Rb2+ 78. Kf1 Bb6 79. Ba6 Bc5 80. Rc3 Ba7 81. Bc4 Rd2 
82. Ra3 Bb6 83. Rc3 Nd5 84. Bxd5 Rxd5 85. Rc6 Bxe3 86. Rxg6 Rd4 87. Ke2 Bxf4 
88. Rh6 Bg3 89. Kf3 Bxh4 90. Rf6+ Kg7 91. Rxf5 Rd3+ 92. Ke2 Rg3 93. Rf3 Rxg5 
94. Rf1 Rg2+ 95. Kf3 Rg4 96. Rd1 Rg3+ 97. Kf4 Kf6 98. Rd6+ Kf7 99. Rd7+ Ke6 
100. Rd1 Rg4+ 101. Kf3 Ra4 102. Rd3 Ra2 103. Rd1 Kf5 104. Rd5+ Kg6 105. Re5 Rf2+ 
106. Ke3 Rf6 107. Re8 Bg5+ 108. Ke2 Rf5 109. Rg8+ Kh7 110. Ra8 Rd5 111. Ra6 Kg7 
112. Kf1 Rd2 113. Kg1 Rb2 114. Kh1 Bf6 115. Ra1 Kg6 116. Re1 Rb4 117. Kg2 Bg5 
118. Rf1 Rc4 119. Kg3 Bh4+ 120. Kh3 Bg5 121. Rf3 Rb4 122. Kg3 Bf6 123. Kg2 Rb2+ 
124. Rf2 Rb5 125. Rf3 Rb4 126. Rg3+ Bg5 127. Rd3 Bf4 128. Kh3 Rb2 129. Kh4 Rb4 
130. Kh3 Bb8 131. Rc3 h4 132. Rc5 Re4 133. Rc2 Kf5 134. Rc3 Bf4 135. Rd3 Be5 
136. Rf3+ Kg5 137. Rd3 Rg4 138. Rd5 Rg3+ 139. Kh2 Kf5 140. Kh1 Re3 141. Rd8 h3 
142. Rd1 Re2 143. Rb1 Kg4 144. Rd1 Bg3 145. Rd4+ 0-1

[Event "Tuesday 16 January Rapid Engine Tour 12+1 Rounds 9 Starts 1600 ST"]
[Site "Infinity Chess"]
[Date "2018.1.16"]
[Round "5"]
[White "hafaba"]
[Black "MarioDeMonti"]
[Result "1/2-1/2"]
[ECO "D10"]
[WhiteElo "2435"]
[BlackElo "2420"]
[WhiteEngine "Stockfish SL 07012018 POPCNT_CTG"]
[BlackEngine "stockfish_x64_bmi2_2018_01_13_CTG"]
[EventType "Swiss"]
[WhiteTeam ""]
[BlackTeam ""]
[PlyCount "114"]
[TimeControl "720+1"]

1. d4 d5 2. c4 c6 3. Nc3 Nf6 4. cxd5 cxd5 5. Bf4 Nc6 6. e3 a6 7. Bd3 Bg4 
8. Nge2 e6 9. Rc1 Bh5 10. O-O Be7 11. Na4 Bg6 12. Bxg6 hxg6 13. Qb3 Na5 
14. Qc2 Nc6 15. Qb3 Na5 16. Qc2 Nc6 17. h3 Rc8 18. Qb3 b5 19. Nc5 Qb6 
20. Rc2 Bxc5 21. Rxc5 g5 22. Bh2 O-O 23. Rfc1 Ne4 24. R5c2 Na5 25. Qd3 Rc6 
26. f3 Nf6 27. Rxc6 Nxc6 28. Kf2 Rc8 29. Bd6 Nd7 30. Rc2 Qd8 31. Qa3 Qb6 
32. Qd3 Qd8 33. b3 Nf6 34. Ba3 Qc7 35. Kf1 Qb7 36. Bc5 b4 37. Qd1 a5 38. Kf2 Nd7 
39. Bd6 Na7 40. a4 bxa3 41. Rxc8+ Qxc8 42. Bxa3 Nc6 43. Qc1 Qb7 44. Bd6 Ndb8 
45. Bxb8 Nxb8 46. Qc3 Nc6 47. Qc5 Nb4 48. Qxa5 Nd3+ 49. Kg3 Qb8+ 50. f4 gxf4+ 
51. exf4 Qxb3 52. Qd8+ Kh7 53. Kh2 Qc2 54. Qh4+ Kg8 55. Qd8+ Kh7 56. Qh4+ Kg8 
57. Qd8+ Kh7 1/2-1/2

[Event "Tuesday 16 January Rapid Engine Tour 12+1 Rounds 9 Starts 1600 ST"]
[Site "Infinity Chess"]
[Date "2018.1.16"]
[Round "5"]
[White "Longin"]
[Black "KhalidOmar"]
[Result "1/2-1/2"]
[ECO "A05"]
[WhiteElo "2427"]
[BlackElo "2447"]
[WhiteEngine "S_XPrO.251117.x64.POPCNT_CTG"]
[BlackEngine "Eman 1.62 64-bit BMI2"]
[EventType "Swiss"]
[WhiteTeam ""]
[BlackTeam ""]
[PlyCount "155"]
[TimeControl "720+1"]

1. Nf3 Nf6 2. d4 d5 3. c4 e6 4. Nc3 c6 5. Bg5 h6 6. Bxf6 Qxf6 7. e3 g6 
8. Bd3 Nd7 9. O-O dxc4 10. Bxc4 Bg7 11. e4 e5 12. d5 Nb6 13. Bb3 Bg4 
14. Re1 Bxf3 15. Qxf3 Qxf3 16. gxf3 O-O 17. dxc6 bxc6 18. Rac1 Rfc8 19. Na4 Bf8 
20. Re3 c5 21. Rec3 Nxa4 22. Bxa4 Rd8 23. Bc6 Rab8 24. R1c2 Rd1+ 25. Kg2 Rb6 
26. Bd5 a5 27. Ra3 Ra6 28. Rb3 Ra7 29. Rb8 Kg7 30. b3 Rd4 31. Rb2 Be7 32. Rc8 h5 
33. a4 Rd1 34. Rc2 Ra1 35. Re8 Rb1 36. Rb8 Ra1 37. Rb6 Rb1 38. Rb8 Ra1 
39. Rb5 Re1 40. Bc4 Ra1 41. Bd3 Rd1 42. Bc4 Ra1 43. Rb6 Rb1 44. Rb8 Rd1 
45. Rc8 Ra1 46. Rd2 Rc1 47. h3 Bg5 48. Rd5 Bh4 49. Rcxc5 Rc2 50. Rxa5 Rxa5 
51. Rxa5 Bxf2 52. Kh1 Rc1+ 53. Kg2 Bd4 54. h4 Rc2+ 55. Kh1 Rf2 56. Rd5 Rxf3 
57. Kg2 Rf4 58. Kh3 Rxe4 59. a5 f5 60. a6 Bf2 61. Kg2 Bb6 62. Rb5 Bd4 
63. Rb7+ Kh6 64. a7 Bxa7 65. Rxa7 Rxh4 66. Re7 Rg4+ 67. Kh2 Kg5 68. Rxe5 Rh4+ 
69. Kg1 Rg4+ 70. Kf1 h4 71. Re6 Kf4 72. Kf2 h3 73. Bf1 Rg3 74. Bxh3 Rxh3 
75. Rxg6 Rf3+ 76. Ke2 Rxb3 77. Ra6 Rc3 78. Kf2 1/2-1/2

[Event "Tuesday 16 January Rapid Engine Tour 12+1 Rounds 9 Starts 1600 ST"]
[Site "Infinity Chess"]
[Date "2018.1.16"]
[Round "5"]
[White "incredible"]
[Black "Wolle"]
[Result "1/2-1/2"]
[ECO "D15"]
[WhiteElo "2445"]
[BlackElo "2457"]
[WhiteEngine "Stockfish_x64_bmi2"]
[BlackEngine "Raubfisch X37a2_CTG"]
[EventType "Swiss"]
[WhiteTeam ""]
[BlackTeam ""]
[PlyCount "106"]
[TimeControl "720+1"]

1. d4 d5 2. c4 c6 3. Nf3 Nf6 4. Nc3 e6 5. Bg5 h6 6. Bxf6 Qxf6 7. e3 Bd6 
8. Bd3 dxc4 9. Bxc4 Nd7 10. Ne4 Bb4+ 11. Ke2 Qe7 12. a3 Ba5 13. Qc2 Bc7 
14. Rac1 Nf6 15. Nxf6+ Qxf6 16. Rhd1 Qe7 17. Kf1 Bd7 18. Ne5 O-O 19. g3 Rfd8 
20. Be2 Bd6 21. Kg2 Be8 22. Bf3 c5 23. Nc4 cxd4 24. Nxd6 Rxd6 25. Rxd4 Bc6 
26. Rxd6 Bxf3+ 27. Kxf3 Qxd6 28. Qe4 Qd7 29. Qd4 Rd8 30. Qxd7 Rxd7 31. Rc8+ Kh7 
32. b4 Rd3 33. Rc7 Rxa3 34. Rxb7 Kg6 35. h3 a5 36. bxa5 Rxa5 37. g4 h5 
38. gxh5+ Rxh5 39. Kg3 Rc5 40. f3 Ra5 41. e4 Kf6 42. f4 Kg6 43. Rb6 Kh5 
44. Rb7 Kg6 45. Kg4 Ra4 46. Kf3 Ra3+ 47. Kg4 f5+ 48. exf5+ exf5+ 49. Kh4 Kf6 
50. Rb6+ Kf7 51. Rb7+ Kf6 52. Rb1 Ke6 53. Rb7 Kf6 1/2-1/2

[Event "Tuesday 16 January Rapid Engine Tour 12+1 Rounds 9 Starts 1600 ST"]
[Site "Infinity Chess"]
[Date "2018.1.16"]
[Round "5"]
[White "Thor"]
[Black "Vimtiroba"]
[Result "1/2-1/2"]
[ECO "A06"]
[WhiteElo "2470"]
[BlackElo "2479"]
[WhiteEngine "asmFishW_2017-11-19_bmi2"]
[BlackEngine "CChess@EX_CTG"]
[EventType "Swiss"]
[WhiteTeam ""]
[BlackTeam ""]
[PlyCount "91"]
[TimeControl "720+1"]

1. Nf3 d5 2. d4 Nf6 3. c4 e6 4. Nc3 c6 5. e3 Nbd7 6. Be2 Bd6 7. O-O b6 
8. Nd2 Bb7 9. b3 O-O 10. Bb2 Re8 11. Bf3 Rc8 12. g3 e5 13. Bg2 Qe7 14. a3 e4 
15. Re1 Nf8 16. f3 exf3 17. Nxf3 Rcd8 18. Nh4 Qd7 19. e4 dxe4 20. Nxe4 Nxe4 
21. Bxe4 Ne6 22. Bg2 Ng5 23. Qd2 f6 24. Rxe8+ Rxe8 25. Rf1 c5 26. d5 Bc8 
27. Re1 Rxe1+ 28. Qxe1 Nh3+ 29. Kh1 Kf8 30. Qf1 Ng5 31. Bc1 Ke8 32. Kg1 Kd8 
33. Qe2 a5 34. Bxg5 fxg5 35. Nf3 Qf5 36. Nd2 h6 37. Qf2 Be5 38. Qxf5 Bxf5 
39. Be4 Bg4 40. Bc2 a4 41. bxa4 Kc7 42. Kf1 Bb2 43. a5 bxa5 44. a4 Bf6 
45. Ne4 Bd4 46. Ke1 1/2-1/2

[Event "Tuesday 16 January Rapid Engine Tour 12+1 Rounds 9 Starts 1600 ST"]
[Site "Infinity Chess"]
[Date "2018.1.16"]
[Round "5"]
[White "angriff"]
[Black "Harry_Potter"]
[Result "1-0"]
[ECO "C50"]
[WhiteElo "2472"]
[BlackElo "2491"]
[WhiteEngine "Raubfisch ME262_GTZ16b1_CTG"]
[BlackEngine "Stockfish_18011309_x64_bmi2_CTG"]
[EventType "Swiss"]
[WhiteTeam ""]
[BlackTeam ""]
[PlyCount "235"]
[TimeControl "720+1"]

1. e4 e5 2. Nf3 Nc6 3. Bc4 Bc5 4. O-O Nf6 5. d3 d6 6. c3 a5 7. Re1 O-O 
8. Nbd2 h6 9. Nf1 Be6 10. Bb5 Ne7 11. d4 c6 12. Ba4 exd4 13. cxd4 Bb4 14. Re2 b5 
15. Bc2 a4 16. a3 Ba5 17. Ng3 Bc4 18. Bd3 Bb3 19. Qf1 Qd7 20. Bd2 Bxd2 
21. Rxd2 Qb7 22. Rc1 Rad8 23. Qe1 Qb6 24. Re2 Ng6 25. Qd2 Be6 26. Nf5 c5 
27. h3 c4 28. Bc2 Kh7 29. g4 d5 30. e5 Ne4 31. Qe3 f6 32. N5h4 Nxh4 33. Nxh4 Kg8 
34. Ng6 fxe5 35. Nxe5 Bc8 36. Rf1 Rd6 37. Kg2 Rdf6 38. f4 Rd6 39. f5 Qd8 
40. Ng6 Re8 41. Qf4 Qf6 42. Rd1 Rdd8 43. Qc7 Ba6 44. Rde1 Qd6 45. Qxd6 Rxd6 
46. Re3 Bb7 47. Kf3 Red8 48. h4 Bc6 49. R3e2 Be8 50. Ne5 h5 51. g5 c3 
52. Bd3 cxb2 53. Rxb2 Rc8 54. Bxe4 dxe4+ 55. Kxe4 Kf8 56. Rbb1 Rcd8 
57. Red1 Bc6+ 58. Nxc6 Rxc6 59. Rdc1 Re8+ 60. Kd3 Rxc1 61. Rxc1 Ra8 62. Rc2 b4 
63. axb4 Ke7 64. Ra2 Kd6 65. Kc4 Rc8+ 66. Kb5 Rf8 67. Rxa4 Rxf5+ 68. Kc4 Rf4 
69. Ra6+ Kd7 70. b5 Kc8 71. Ra7 g6 72. Kc5 Rf1 73. Rg7 Rc1+ 74. Kd5 Rb1 
75. Rxg6 Kd7 76. b6 Rb5+ 77. Kc4 Ra5 78. b7 Kc7 79. Rb6 Kb8 80. g6 Ra1 
81. g7 Rc1+ 82. Kd5 Rg1 83. Rh6 Ka7 84. b8=Q+ Kxb8 85. g8=Q+ Rxg8 86. Rxh5 Rg1 
87. Kd6 Ra1 88. d5 Kb7 89. Ke7 Re1+ 90. Kd7 Rg1 91. Rh8 Rg7+ 92. Kd6 Rg6+ 
93. Ke7 Rg7+ 94. Kd6 Rg6+ 95. Ke5 Rg1 96. h5 Kc7 97. h6 Re1+ 98. Kf4 Rf1+ 
99. Ke3 Rh1 100. h7 Rh3+ 101. Kf4 Rh4+ 102. Kg5 Rh1 103. Ra8 Rxh7 104. Ra7+ Kd6 
105. Rxh7 Kxd5 106. Kf4 Kc4 107. Ke4 Kc5 108. Rd7 Kc4 109. Rd5 Kc3 110. Rd4 Kc2 
111. Rd3 Kc1 112. Ke3 Kc2 113. Ke2 Kb1 114. Kd2 Kb2 115. Rf3 Kb1 116. Kc3 Ka1 
117. Kb3 Kb1 118. Rf1# 1-0

[Event "Tuesday 16 January Rapid Engine Tour 12+1 Rounds 9 Starts 1600 ST"]
[Site "Infinity Chess"]
[Date "2018.1.16"]
[Round "5"]
[White "IronMan"]
[Black "THE_MACHINE"]
[Result "1/2-1/2"]
[ECO "A13"]
[WhiteElo "2395"]
[BlackElo "2485"]
[WhiteEngine "Eman 1.58 64-bit BMI2"]
[BlackEngine "Houdini 6"]
[EventType "Swiss"]
[WhiteTeam ""]
[BlackTeam ""]
[PlyCount "120"]
[TimeControl "720+1"]

1. c4 e6 2. d4 d5 3. Nf3 Nf6 4. Nc3 c6 5. Bg5 h6 6. Bxf6 Qxf6 7. e3 g6 
8. Bd3 Nd7 9. e4 dxe4 10. Nxe4 Qg7 11. O-O Be7 12. Re1 O-O 13. Qd2 Rd8 
14. Rad1 e5 15. Nc3 exd4 16. Rxe7 dxc3 17. bxc3 Nf8 18. Re3 Qf6 19. h3 Bf5 
20. Qe2 Bxd3 21. Rdxd3 Rxd3 22. Rxd3 Rd8 23. Rxd8 Qxd8 24. h4 c5 25. h5 gxh5 
26. Qe5 b6 27. Qxh5 Qd1+ 28. Kh2 Qd6+ 29. Qe5 Qd8 30. Qf4 Kg7 31. Nh4 Qg5 
32. Qe4 Ng6 33. Nxg6 Qxg6 34. Qe5+ Qf6 35. Qg3+ Kh7 36. Qd3+ Kg8 37. Qg3+ Qg5 
38. Qxg5+ hxg5 39. g4 Kg7 40. Kg2 Kf6 41. Kg3 Ke5 42. Kf3 a5 43. Ke3 a4 
44. a3 f5 45. gxf5 Kxf5 46. Kf3 Ke5 47. Ke2 g4 48. Ke3 Kf5 49. Kd3 Kf4 
50. Kd2 g3 51. fxg3+ Kf3 52. g4 Kxg4 53. Ke2 Kf4 54. Kf2 Ke4 55. Ke2 Kf4 
56. Kd2 Kf3 57. Kd3 Kf2 58. Kd2 Kf3 59. Kd3 Kf2 60. Kd2 Kf3 1/2-1/2